 Dungeon Crawl Stone Soup version 0.28-a0-1199-gef9e1dbd39 (webtiles) character file.

Game seed: 8558573252421751072

676 leviel the Skirmisher (level 7, -1/63 HPs)
             Began as a Hill Orc Fighter on Dec 20, 2021.
             Was an Initiate of the Shining One.
             Slain by an orc (6 damage)
             ... on level 5 of the Dungeon.
             The game lasted 00:03:14 (4127 turns).

leviel the Skirmisher (Hill Orc Fighter)            Turns: 4127, Time: 00:03:14

Health: -1/63      AC:  8    Str: 27    XL:     7   Next: 60%
Magic:  7/7        EV: 10    Int:  8    God:    the Shining One [......]
Gold:   244        SH:  5    Dex: 10    Spells: 6/6 levels left

rFire   . . .      SeeInvis .   a - +0 war axe
rCold   . . .      Faith    .   c - +0 buckler
rNeg    . . .      Spirit   .   b - +0 scale mail
rPois   +          Reflect  .   (no helmet)
rElec   .          Harm     .   (no cloak)
rCorr   .          Rampage  .   (no gloves)
Will    .....                   d - +0 pair of boots
Stlth   ..........              (no amulet)
HPRegen 0.20/turn               n - ring of poison resistance
MPRegen 0.10/turn               h - +6 ring of strength

@: glowing
A: no striking features
a: Renounce Religion


You were on level 5 of the Dungeon.
You worshipped the Shining One.
The Shining One was noncommittal.
You visited 1 branch of the dungeon, and saw 5 of its levels.

You collected 244 gold pieces.

Inventory:

Hand Weapons
 a - a +0 war axe (weapon)
Missiles
 m - 2 throwing nets (quivered)
Armour
 b - a +0 scale mail (worn)
 c - a +0 buckler (worn)
 d - a +0 pair of boots (worn)
 r - a +0 pair of boots
Jewellery
 f - a +6 ring of intelligence
 h - a +6 ring of strength (right hand)
 n - a ring of poison resistance (left hand)
 w - a +6 ring of dexterity
Wands
 o - a wand of flame (19)
 q - a wand of digging (5)
Scrolls
 e - 2 scrolls of identify {unknown}
 j - 2 scrolls of magic mapping {unknown}
 l - 2 scrolls of teleportation {unknown}
 t - a scroll of fear {unknown}
 u - 2 scrolls of acquirement {unknown}
 v - a scroll of noise {unknown}
 x - a scroll of blinking {unknown}
Potions
 g - a potion of heal wounds {unknown}
 i - a potion of degeneration {unknown}
 k - 2 potions of berserk rage {unknown}
 p - a potion of flight {unknown}
 s - 2 potions of cancellation {unknown}


   Skills:
 + Level 6.0 Fighting
 + Level 5.8 Axes
 + Level 5.5 Armour
 + Level 5.4 Shields


You had 6 spell levels left.
You didn't know any spells.
Your spell library contained the following spells:

 Spells                   Type           Power      Damage    Failure   Level
 Ensorcelled Hibernation  Hex/Ice        0%         N/A       80%         2
 Passwall                 Tmut/Erth      0%         N/A       80%         2
 Spider Form              Tmut/Pois      0%         N/A       95%         3
 Swiftness                Air            0%         N/A       95%         3


Dungeon Overview and Level Annotations

Branches:
Dungeon (5/15)
 Temple: D:4-7

Altars:
Elyvilon
Fedhas
Hepliaklqana
Kikubaaqudgha
Nemelex Xobeh
Qazlal
Trog
Wu Jian
The Shining One

Annotations:
D:5 Dowan, Duvessa


Message History

You are too injured to fight recklessly!
There are monsters nearby!
You barely miss Duvessa.
Duvessa is moderately wounded.
You barely miss the gnoll. The gnoll sergeant barely misses you.
Duvessa closely misses you. The gnoll closely misses you.
The gnoll sergeant hits you from afar with a +0 spear.
You barely miss Duvessa.
Duvessa is moderately wounded.
You hit the gnoll.
You kill the gnoll!
Duvessa barely misses you.
The gnoll sergeant hits you from afar with a +0 spear.
Duvessa hits you but does no damage.
You slash Duvessa!
Duvessa is severely wounded.
The gnoll hits you from afar with a +0 spear.
The gnoll sergeant barely misses you. Duvessa hits you but does no damage.
You slash Duvessa!
Duvessa is almost dead.
You hit the orc but do no damage.
The gnoll hits you from afar with a +0 spear.
The gnoll sergeant hits you from afar with a +0 spear.
* * * LOW HITPOINT WARNING * * *
Duvessa hits you with a +0 short sword.
* * * LOW HITPOINT WARNING * * *
The orc hits you with a +0 mace.
* * * LOW HITPOINT WARNING * * *
Dowan gestures wildly while chanting.
Dowan blinks!
You hit Duvessa but do no damage.
Duvessa is almost dead.
You completely miss the gnoll. You hit the orc but do no damage.
The gnoll sergeant barely misses you.
The gnoll hits you from afar with a +0 spear.
* * * LOW HITPOINT WARNING * * *
The gnoll hits you with a +0 whip.
* * * LOW HITPOINT WARNING * * *
You block Duvessa's attack. The orc hits you with a +0 mace.
You die...

..... #.####....
..#... #......... .
##..######.........
#..#....#......... .
##.............#..#
..#.....###......<.##
.......###..........
#..e..#.#..)......
#..†@...#.........
.....ggo...#......##
.....g....##.#..#.#
..........#.##..###
....e..§.$. #..
............
........###..
.###....# ...


You could see Duvessa, a gnoll sergeant, Dowan, 2 gnolls and an orc.

Vanquished Creatures
  Menkaure (D:4)
  A sky beast (D:5)
  2 phantoms
  A kobold brigand (D:3)
  2 hounds
  A jelly (D:5)
  2 gnolls (D:5)
  4 adders
  A worm (D:3)
  3 dart slugs
  9 orcs
  13 endoplasms
  4 giant cockroaches
  7 goblins
  6 hobgoblins
  2 jackals (D:5)
  11 ball pythons
  4 bats
  4 frilled lizards
  7 kobolds
  A quokka skeleton (D:4)
  7 rats
93 creatures vanquished.

Vanquished Creatures (others)
  A fungus (D:1)
  A plant (D:1)
2 creatures vanquished.

Grand Total: 95 creatures vanquished

Notes
Turn   | Place    | Note
-------+----------+-------------------------------------------
     0 | D:1      | leviel the Hill Orc Fighter began the quest for the Orb.
     0 | D:1      | Reached XP level 1. HP: 19/19 MP: 1/1
    90 | D:1      | Reached XP level 2. HP: 27/27 MP: 2/2
   206 | D:1      | Found a faded altar of an unknown god.
   346 | D:1      | Reached skill level 4 in Fighting
   706 | D:1      | Reached XP level 3. HP: 33/33 MP: 3/3
  1436 | D:2      | Reached XP level 4. HP: 40/40 MP: 4/4
  1819 | D:3      | Found a blossoming altar of Fedhas.
  1942 | D:3      | Noticed a kobold brigand
  1951 | D:3      | Killed a kobold brigand
  1952 | D:3      | Reached XP level 5. HP: 43/47 MP: 5/5
  2352 | D:3      | Found a hazy altar of Hepliaklqana.
  2385 | D:3      | Found a white marble altar of Elyvilon.
  2925 | D:4      | Noticed a phantom
  2950 | D:4      | Killed a phantom
  2951 | D:4      | Reached skill level 5 in Fighting
  2951 | D:4      | Reached XP level 6. HP: 31/56 MP: 6/6
  3117 | D:4      | Noticed Menkaure
  3124 | D:4      | Killed Menkaure
  3125 | D:4      | Reached skill level 5 in Axes
  3125 | D:4      | Reached skill level 5 in Shields
  3159 | D:4      | Found a glowing golden altar of the Shining One.
  3182 | D:4      | Became a worshipper of the Shining One
  3219 | D:4      | Found a bloodstained altar of Trog.
  3369 | D:4      | Found an ornate altar of the Wu Jian Council.
  3505 | D:4      | Found a faded altar of an unknown god.
  3505 | D:4      | Found a faded altar of an unknown god.
  3511 | D:4      | Found a stormy altar of Qazlal.
  3513 | D:4      | Found a sparkling altar of Nemelex Xobeh.
  3515 | D:4      | Found an ancient bone altar of Kikubaaqudgha.
  3683 | D:4      | Reached skill level 5 in Armour
  3940 | D:5      | Entered Level 5 of the Dungeon
  3940 | D:5      | Noticed a sky beast
  3955 | D:5      | Killed a sky beast
  3956 | D:5      | Reached XP level 7. HP: 43/62 MP: 7/7
  4113 | D:5      | Noticed Duvessa
  4116 | D:5      | Noticed Dowan
  4121 | D:5      | Reached skill level 6 in Fighting
  4127 | D:5      | Slain by an orc

Illustrated notes

Levels and vault maps discovered:
D:1:      co_arrival_random_square_maze, layout_basic,
          shapermc_ecumenical_altar_mp_urbaneastern, st_stairs_1,
          minmay_tetromino_i2
D:2:      layout_rooms, hangedman_decor_push
D:3:      minmay_evil_eye, layout_loops_corners, mainiacjoe_overflow_boulevard,
          general_overflow_altar, worldfamousw_hep_ancestral_shrine,
          amethyst_killhole
D:4:      layout_layer_cave, mainiacjoe_overflow_alcove_1,
          chequers_temple_overflow_minitemple,
          mainiacjoe_overflow_catch_the_wave, uniq_menkaure
D:5:      layout_cave_pools, vehumet_crystals,
          chequers_temple_overflow_statue_of_worship, portal_sewer_entry_d,
          serial_shops, shop, grunt_ministairs_7, uniq_crazy_yiuf_cottage,
          uniq_grinder, uniq_duvessa

Skill      XL: |  1  2  3  4  5  6  7 |
---------------+----------------------+-----
Axes           | 3 4 5 |  5.8
Fighting       | 4 5 6 |  6.0
Shields        | 4 5 |  5.4
Armour         | 4 5 |  5.5

Action                   |  1- 3 |  4- 6 |  7- 9 || total
-------------------------+-------+-------+-------++-------
Melee: War axe           |    90 |   101 |    32 ||   223
  Use: Potion            |       |     2 |       ||     2
Armor: Scale mail        |    45 |    57 |    12 ||   114
Dodge: Dodged            |    44 |    41 |    20 ||   105
Block: Buckler           |    17 |    26 |    10 ||    53

Table legend: (Time is in decaauts)
 A = Elapsed time spent in this place.
 B = Non-inter-level travel time spent in this place.
 C = Inter-level travel time spent in this place.
 D = Time resting spent in this place.
 E = Time spent auto-exploring this place.
 F = Levels seen in this place.
 G = Mean time per level.
                   A        B        C        D        E       F      G
               +--------+--------+--------+--------+--------+-----+--------+
         Total |   4190 |   4121 |     69 |     22 |   3485 |   5 |  838.0 |
       Dungeon |   4190 |   4121 |     69 |     22 |   3485 |   5 |  838.0 |
               +--------+--------+--------+--------+--------+-----+--------+

Top non-repeatable levels by time:
     D:4: 1281 daAuts
     D:3: 1127 daAuts
     D:1: 1009 daAuts
     D:2: 575 daAuts
     D:5: 196 daAuts
